 Dungeon Crawl Stone Soup version 0.31-a0-960-g0fca184906 (webtiles) character file.

Game seed: 9251666938590953839

67 Arzdou the Chiller (level 3, -7/19 HPs)
             Began as a Deep Elf Ice Elementalist on Oct 23, 2023.
             Mangled by Sigmund
             ... wielding a +0 scythe
              (12 damage)
             ... on level 2 of the Dungeon.
             The game lasted 00:02:23 (1409 turns).

Arzdou the Chiller (Deep Elf Ice Elementalist)      Turns: 1409, Time: 00:02:23

Health: -7/19      AC:  2    Str:  5    XL:     3   Next: 98%
Magic:  8/10       EV: 13    Int: 21    God:
Gold:   27         SH:  0    Dex: 21    Spells: 3/10 levels left

rFire   . . .        f - staff of air
rCold   . . .        (no shield)
rNeg    . . .        a - +0 robe
rPois   .            (no helmet)
rElec   +            (no cloak)
rCorr   .            (no gloves)
SInv    .            (no boots)
Will    .....        (no amulet)
Stlth   +            j - +6 ring of dexterity
HPRegen 0.23/turn    (no ring)
MPRegen 0.12/turn

%: no passive effects
@: confused
A: no striking features
a: no special abilities


You were on level 2 of the Dungeon.
You visited 1 branch of the dungeon, and saw 2 of its levels.

You collected 27 gold pieces.

Inventory:

Armour
 a - a +0 robe (worn)
Magical Staves
 f - a staff of air (weapon)
Jewellery
 j - a +6 ring of dexterity (left hand)
Scrolls
 g - a scroll of identify {unknown}
 h - a scroll of blinking {unknown}
Potions
 b - a potion of magic
 c - a potion of heal wounds {unknown}
 d - a potion of cancellation {unknown}
 e - a potion of brilliance {unknown}
 i - a potion of attraction {unknown}
 k - a potion of might {unknown}


   Skills:
 - Level 3.0 Dodging
 - Level 3.1 Stealth
 + Level 4.2 Spellcasting
 + Level 5.0 Ice Magic


You had 3 spell levels left.
You knew the following spells:

 Your Spells              Type           Power      Damage    Failure   Level
a - Freeze                Ice            100%       1d10      1%          1
b - Frozen Ramparts       Ice            50%        1d8       4%          3
c - Ozocubu's Armour      Ice            25%        N/A       4%          3

Your spell library contained the following spells:

 Spells                   Type           Power      Damage    Failure   Level
 Summon Ice Beast         Ice/Summ       15%        N/A       38%         4


Dungeon Overview and Level Annotations

Branches:
Dungeon (2/15)

Altars:

Annotations:
D:2 Sigmund


Message History

You kill the kobold!
The kobold hits you with a +0 club.
You freeze the kobold.
You kill the kobold!
You can't see any susceptible monsters within range! (Use Z to cast anyway.)
The worm bites you.
You freeze the worm!
The worm is heavily wounded.
The worm bites you.
You freeze the worm.
The worm is severely wounded.
You freeze the worm!
You kill the worm!
You can't see any susceptible monsters within range! (Use Z to cast anyway.)
k - a bubbling cyan potion You open the door.
You see here a quokka corpse.
A kobold comes into view. It is wielding a +0 dagger.
Sigmund the Dreaded comes into view.
He is wielding a +0 scythe.
The kobold shouts!
Sigmund shouts!
Sigmund casts a spell.
Sigmund flickers and vanishes!
Deactivating autopickup; reactivate with Ctrl-A.
A rat comes into view.
You freeze the kobold.
The kobold is heavily wounded.
The kobold hits you but does no damage.
You freeze the kobold.
You kill the kobold!
Something hits you!
Ouch! That really hurt!
Unknown command.
You hear some strange, mumbled words.
You are confused.
You're too confused to move!
Something hits you.
* * * LOW HITPOINT WARNING * * *
Unknown command.
You bump into the rock wall.
The rat closely misses you. Something hits you!
Ouch! That really hurt!
You die...

........................(.#
..........#.................
..........#...(....##.#######
..........#.###....#..
..........#..##....#..
############.#######
############.#######.
#.........†..........
####'###.....##.@######
#............#..r.....####
#......†..)).#............
#............#.....)...##
#............#.........#
#............#.........#
#............#.........#
##...###.....#...........
#...# #.....######..#..##


You could see a rat.

Vanquished Creatures
  An adder (D:2)
  A worm (D:2)
  2 dart slugs
  5 bats (D:1)
  4 endoplasms
  A giant cockroach (D:2)
  2 goblins
  4 hobgoblins
  4 jackals (D:1)
  4 quokkas
  3 ball pythons (D:1)
  2 frilled lizards (D:1)
  7 kobolds
  5 rats (D:1)
45 creatures vanquished.

Notes
Turn   | Place    | Note
-------+----------+-------------------------------------------
     0 | D:1      | Arzdou the Deep Elf Ice Elementalist began the quest for
                  | the Orb.
     0 | D:1      | Reached XP level 1. HP: 10/10 MP: 6/6
   154 | D:1      | Reached XP level 2. HP: 14/15 MP: 5/8
   596 | D:1      | Reached XP level 3. HP: 19/19 MP: 8/10
   712 | D:1      | Learned a level 3 spell: Frozen Ramparts
   716 | D:1      | Learned a level 3 spell: Ozocubu's Armour
  1225 | D:2      | Reached skill level 5 in Ice Magic
  1400 | D:2      | Noticed Sigmund
  1409 | D:2      | Mangled by Sigmund

Illustrated notes

Levels and vault maps discovered:
D:1:      dpeg_arrival_chambers_temple_mockup, layout_loops_ring
D:2:      layout_basic, feat_on_display, uniq_sigmund, uniq_crazy_yiuf_cottage

Skill      XL: |  1  2  3 |
---------------+----------+-----
Stealth        | 3 |  3.1
Dodging        | 3 |  3.0
Spellcasting   | 4 |  4.2
Ice Magic      | 5 |  5.0

Action                     || total
---------------------------++-------
  Melee: Unarmed           ||     7
         Staff             ||     6
   Cast: Freeze            ||    58
         Ozocubu's Armour  ||     1
         Frozen Ramparts   ||     1
   Stab: Sleeping          ||     1
 Armour: Robe              ||    35
  Dodge: Dodged            ||    32

Table legend: (Time is in decaauts)
 A = Elapsed time spent in this place.
 B = Non-inter-level travel time spent in this place.
 C = Inter-level travel time spent in this place.
 D = Time resting spent in this place.
 E = Time spent auto-exploring this place.
 F = Levels seen in this place.
 G = Mean time per level.
                   A        B        C        D        E       F      G
               +--------+--------+--------+--------+--------+-----+--------+
         Total |   1408 |   1395 |     13 |     49 |   1099 |   2 |  704.0 |
       Dungeon |   1408 |   1395 |     13 |     49 |   1099 |   2 |  704.0 |
               +--------+--------+--------+--------+--------+-----+--------+

Top non-repeatable levels by time:
     D:1: 1107 daAuts
     D:2: 301 daAuts
